[Event "4NCL 2022-2023"]
[Site "Daventry"]
[Date "2023.01.15"]
[Round "4.8"]
[White "Boswell, Jacob Connor"]
[Black "Flint, Martina"]
[Result "1-0"]
[ECO "B06"]
[WhiteElo "2108"]
[BlackElo "1840"]
[Annotator "TA"]
[PlyCount "59"]
[EventDate "2022.10.20"]
[EventType "team-tourn"]
[EventCountry "ENG"]
[SourceTitle "playchess.com"]
[Source "ChessBase"]
[SourceQuality "1"]
[TimeControl "40/6000+30:2400+30"]

1. e4 g6 2. d4 Bg7 3. Nc3 d6 4. f4 e6 5. Nf3 Ne7 6. Be3 d5 {[%emt 0:01:55] B06: Modern Defence.} 7. e5 Nf5 8. Bf2 {[%emt 0:01:25] [#]} c6 $146 {[%emt 0:01:30] White is better.} ({Predecessor:} 8... h5 9. Bd3 h4 10. Bxf5 gxf5 11. Qd2 Nd7 12. Na4 Nf8 13. O-O-O Ng6 14. g3 h3 {0-1 Serrano Ruiz,M (1890)-Longa Yauca,J (2266) Collado Villalba op 39th 2022 (7)}) 9. g4 Ne7 10. Qd2 b5 11. h4 h5 12. gxh5 Rxh5 13. Bh3 Nd7 14. Ng5 Nb6 {[%emt 0:01:08] [#]} (14... Qa5 $16) 15. b3 $1 $18 a5 16. Ne2 Rh8 17. Bg4 {[%emt 0:06:48] White is much more active.} Bh6 18. O-O-O a4 (18... Bxg5 $142 19. fxg5 (19. hxg5 Kd7 $16) 19... Kd7) 19. b4 (19. h5 $18) 19... Nc4 $16 20. Qd3 a3 {[%emt 0:00:21] [#]} ({Better is} 20... Nf5 $14) 21. Rdg1 $1 Nf5 22. c3 Qe7 23. h5 {[%emt 0:04:32] hxg6 is the strong threat.} Bxg5 $2 {[%emt 0:01:42] A mistake that costs the game.} (23... Nb2 $16 24. Qf3 Qf8) 24. Bxf5 $18 Bxf4+ $2 ({Weaker is} 24... exf5 25. fxg5 Be6 26. Qf3 $16) (24... Nb2 {was called for.}) 25. Nxf4 g5 {[%emt 0:00:21] [#]} 26. Ng6 $1 fxg6 27. Bxg6+ Kd8 28. Be1 Bd7 29. Rf1 {[%emt 0:00:19] And now Rf7 would win.} g4 $2 (29... Be8 30. Qf3 Ra7) 30. Bh4 {[%emt 0:00:39] Weighted Error Value: White=0.26 (precise) /Black=0.50} 1-0

[Event "4NCL 2022-2023"]
[Site "Daventry"]
[Date "2023.01.15"]
[Round "4.9"]
[White "Rudd, Jack"]
[Black "Lupulescu, Constantin"]
[Result "0-1"]
[ECO "B67"]
[WhiteElo "2310"]
[BlackElo "2592"]
[Annotator "TA"]
[PlyCount "128"]
[EventDate "2022.10.20"]
[EventType "team-tourn"]
[EventCountry "ENG"]
[SourceTitle "playchess.com"]
[Source "ChessBase"]
[SourceQuality "1"]
[TimeControl "40/6000+30:2400+30"]

1. e4 c5 2. Nf3 d6 3. d4 cxd4 4. Nxd4 Nf6 5. Nc3 Nc6 6. Bg5 e6 7. Qd2 a6 8. O-O-O Be7 9. Kb1 Bd7 10. f3 Qc7 {[%emt 0:05:30] 10...Nxd4 deserves study.} 11. h4 h6 {[%emt 0:03:30] B67: Sicilian: Richter-Rauzer: 7...a6 8 0-0-0 Bd7, lines without 9 f4 Be7.} 12. Be3 h5 13. Bg5 Ne5 {[%emt 0:00:46][%cal Bc6e5,Be5g4,Bg4f2][%mdl 32] The position is equal.} 14. f4 Neg4 15. f5 {[%emt 0:00:00] [#]} e5 $146 ({Predecessor:} 15... b5 16. fxe6 fxe6 17. a3 O-O 18. Qe1 Qb6 19. Be2 Rf7 20. Rf1 Rb8 21. Bxg4 hxg4 {½-½ Gaponenko,I (2430)-Bojkovic,N (2391) EU-ch (Women) 5th 2004 (9)}) 16. Nb3 b5 17. a3 (17. Nd5 $2 Nxd5 18. exd5 (18. Qxd5 Rc8 $17) 18... f6 $17) 17... Qb7 (17... Bc6 $15) 18. Be2 $14 Nf2 {[%emt 0:06:07] [#]} 19. Bxb5 $1 {[%emt 0:00:00][%mdl 576] Discovered Attack} Nxh1 (19... Nxd1 20. Bxd7+) 20. Bxd7+ Qxd7 21. Rxh1 Ng4 22. Bxe7 (22. Nd5 f6 $11) (22. Na5 $16) 22... Qxe7 $11 23. Nd5 Qa7 24. Rh3 {[%emt 0:00:00][%mdl 1024] White has compensation.} Rc8 25. Na5 {[%emt 0:00:00] Excellent horsemanship.} f6 $2 (25... O-O $11 {and Black stays safe.}) 26. Rb3 $1 $18 O-O 27. Rb7 {[%emt 0:00:00] Inhibits Rb8.} (27. Rb6 $16) 27... Qg1+ $11 28. Ka2 {[%emt 0:00:00] Ne7+ is the strong threat.} Kh7 29. Qb4 Qc5 (29... Rxc2 30. Qxd6 Rg8 31. Qd7 (31. Nxf6+ Nxf6 32. Qxf6 Rxb2+ {[%mdl 64] Decoy} 33. Kxb2 Qxg2+ 34. Kc3 Qf3+ 35. Kd2 Qf2+ 36. Kd1 Qg1+ 37. Kc2 Qg2+ 38. Kb3 Qf3+ 39. Kb2 Qf2+ 40. Ka1 Qe1+ 41. Kb2 Qf2+ 42. Kc3 Qe1+ 43. Kc2 Qf2+ 44. Kd3 Qf3+ 45. Kd2 Qg2+ 46. Ke3 Qg1+ 47. Kf3 Qf1+ 48. Kg3 Qg1+ 49. Kh3 Qg4+ 50. Kh2 Qe2+ 51. Kg1 Qe1+ 52. Kh2 Qe2+ 53. Kg3 Qe3+ 54. Kh2 Qe2+ $11) 31... Rxg2 32. Qf7 $16) 30. Qa4 {[%emt 0:00:00][%cal Oa4d7] Qd7! would be deadly.} Rb8 ({Much less strong is} 30... Qxc2 31. Qd7 Rg8 32. Qf7 $14 (32. Qxd6 $2 {loses.} Qxe4 33. g3 Rc2 $19)) 31. Rc7 Qb5 {[%emt 0:00:49] The board is on fire.} 32. Qxb5 axb5 (32... Rxb5 $11 {keeps the balance.} 33. b4 Rxd5 34. exd5 Ne3) 33. Kb3 $2 {[%emt 0:00:00] [#]} (33. c4 $1 $16 {keeps the pressure on.}) 33... Rfc8 (33... Nf2 $1 $17 34. Nc3 (34. Nc6 Ra8 $15) 34... Rfc8 35. Rxc8 Rxc8) 34. Rd7 (34. Rxc8 $11 Rxc8 35. Nb7) 34... Rd8 (34... Nf2 $1 $15 35. Nc3 (35. Nxf6+ $2 Kh6 $17) 35... Rxc3+ 36. Kxc3 Nxe4+ 37. Kb4 Ng3 38. Rxd6 Nxf5) 35. Rxd8 Rxd8 {[%emt 0:00:05][%mdl 4096] Endgame KRN-KNN} 36. Kb4 Nf2 37. Nc3 g6 (37... Rc8 $11) 38. Nc6 $14 Rd7 39. fxg6+ ({White should try} 39. b3 $1 $14) 39... Kxg6 $11 40. Kxb5 (40. b3 $11) 40... Rb7+ $17 41. Kc4 {[%emt 0:00:00] aiming for b4.} Rxb2 42. Nb4 f5 {[%emt 0:00:00] Black has more active pieces.} 43. exf5+ Kxf5 44. a4 {[%emt 0:00:00] [#]} Ng4 $1 {[%emt 0:00:00] Hoping for ...Ne3+.} 45. Ncd5 {[%emt 0:00:00] Against Ne3+} Rb1 46. a5 Ra1 (46... e4 $1 $15) 47. a6 $11 e4 48. g3 $1 Nf6 {[%emt 0:00:00] Threatens to win with ...Nxd5.} 49. Ne3+ Ke6 50. c3 (50. Kb5 $1 $11) 50... Ra5 51. Nec2 ({White should play} 51. Kd4 $15) 51... d5+ $17 52. Kb3 (52. Kd4 $17) 52... Nd7 {[%emt 0:00:00] And now ...Kd6 would win.} 53. Nd4+ Kd6 {[%emt 0:00:00] White must now prevent ...Nc5+.} 54. Nf5+ Kc5 55. Ne3 (55. Nd4 $17 {is a better defense.}) 55... Nb6 56. g4 $2 (56. Nf5 {was called for.}) 56... hxg4 $19 57. Nxg4 Ra1 $2 (57... Nc4 {Strongly threatening ...Ra3+.} 58. Nf6 e3) 58. h5 $2 (58. Ne3 {was the only chance.}) 58... Rh1 59. h6 Rh4 {[%emt 0:00:28][%mdl 64] Deflection} 60. Ne5 Rxh6 61. a7 (61. Nf7 $142 Rf6 62. Ne5) 61... Rh7 {[%emt 0:02:10] Black is clearly winning.} 62. Nec6 Rc7 63. a8=Q Nxa8 64. Nd4 Rb7 {[%emt 0:00:37] Black used his chance.   Weighted Error Value: White=0.37/Black=0.25 (precise)} 0-1

[Event "4NCL 2022-2023"]
[Site "Daventry"]
[Date "2023.01.15"]
[Round "4.10"]
[White "Parligras, Mircea-Emilian"]
[Black "Jones, Steven A"]
[Result "1-0"]
[ECO "E90"]
[WhiteElo "2565"]
[BlackElo "2160"]
[Annotator "TA"]
[PlyCount "45"]
[EventDate "2022.10.20"]
[EventType "team-tourn"]
[EventCountry "ENG"]
[SourceTitle "playchess.com"]
[Source "ChessBase"]
[SourceQuality "1"]
[TimeControl "40/6000+30:2400+30"]

1. d4 Nf6 2. c4 g6 3. Nc3 Bg7 4. e4 d6 5. h3 O-O 6. Be3 c5 7. Nf3 cxd4 8. Nxd4 (8. Qxd4 Ng4 9. Qd2 Nxe3 10. Qxe3 Nd7 $15) 8... a6 {[%emt 0:00:26] E90: King's Indian: Classical: Early deviations and 6 h3.} 9. Be2 b6 10. Qd2 Bb7 {[%emt 0:01:35] White is slightly better.} 11. f3 {[%emt 0:00:15] White is more active.} Nbd7 12. O-O-O {[%emt 0:03:32] [#]} Rc8 $146 ({Predecessor:} 12... Ne5 13. Kb1 Rc8 14. b3 e6 15. g4 Qe7 16. h4 b5 17. cxb5 axb5 18. Ndxb5 Nexg4 19. fxg4 Bxe4+ {0-1 Svane,R (2587)-Saric,I (2657) EU-ch 19th Batumi 2018 (10)}) 13. Bh6 Bxh6 14. Qxh6 Ne5 15. h4 {[%emt 0:14:53][%cal Bh3h4,Bh4h5][%mdl 32] And now h5! would win.} b5 $2 {[%emt 0:09:21] [#] This costs Black the game.} (15... Qd7 $14) 16. h5 $1 $18 {[%emt 0:10:35] Black must now prevent hxg6.} Qa5 (16... Nxc4 $2 17. hxg6 $18) (16... Nxh5 17. Rxh5 (17. cxb5 Rxc3+ 18. bxc3 Qa5 $16) (17. cxb5 Nf6 $16)) (16... bxc4 $2 17. hxg6 fxg6 18. Ne6 $18) 17. Kb1 $40 {[%emt 0:02:42][%mdl 128] g4 is the strong threat. White wants a kill.} (17. cxb5 Rxc3+ 18. bxc3 Qxc3+ 19. Kb1 Bxe4+ 20. fxe4 Qb4+ 21. Ka1 Qc3+ 22. Kb1 Qb4+ 23. Ka1 Qc3+ 24. Kb1 $11) (17. hxg6 fxg6 18. Kb1 (18. cxb5 axb5 19. Bxb5 Qxa2 $11) (18. Ne6 Rf7 $14) 18... bxc4 $14) 17... Nxc4 $2 (17... Rxc4 {was called for.} 18. Bxc4 (18. hxg6 fxg6 19. Bxc4+ bxc4 $18) 18... bxc4) 18. Bxc4 ({Less strong is} 18. hxg6 fxg6 19. Bxc4+ (19. Ne6 Rf7 $16) 19... bxc4 $16) 18... bxc4 19. g4 ({Not} 19. hxg6 fxg6 20. Ne6 Rf7 $16) 19... Rb8 20. hxg6 fxg6 {[%emt 0:00:37] [#]} 21. g5 $1 ({Worse is} 21. Ne6 Rf7 22. Ka1 Bc8 $11) 21... Nh5 22. Rxh5 $1 gxh5 (22... Rf7 $18 23. Rh2 Qe5) 23. g6 {[%emt 0:00:30] Weighted Error Value: White=0.02 (flawless) /Black=0.81} 1-0

[Event "4NCL 2022-2023"]
[Site "Daventry"]
[Date "2023.01.15"]
[Round "4.11"]
[White "Cooper, John G"]
[Black "Csonka, Balazs"]
[Result "0-1"]
[ECO "E30"]
[WhiteElo "2231"]
[BlackElo "2495"]
[Annotator "TA"]
[PlyCount "46"]
[EventDate "2022.10.20"]
[EventType "team-tourn"]
[EventCountry "ENG"]
[SourceTitle "playchess.com"]
[Source "ChessBase"]
[SourceQuality "1"]
[TimeControl "40/6000+30:2400+30"]

1. c4 Nf6 2. Nc3 e6 3. d4 Bb4 4. Bg5 c5 5. d5 d6 6. e3 exd5 7. cxd5 Nbd7 8. Bb5 Bxc3+ {[%emt 0:03:28] E30: Nimzo-Indian: Leningrad Variation.} 9. bxc3 Qa5 (9... h6 $5 10. Bxf6 Qxf6 $11) 10. Bxd7+ ({Much weaker is} 10. Bxf6 Qxb5 11. Bh4 (11. Bxg7 Rg8 $17) 11... Qc4 $17) 10... Nxd7 {[%emt 0:00:12] The position is equal.} 11. Ne2 {[%emt 0:00:18] [#]} Qa6 $146 ({Predecessor:} 11... O-O 12. Be7 Re8 13. Bxd6 Nf6 14. O-O Bg4 15. f3 Rad8 16. Bg3 Rxd5 17. Qb3 Be6 {½-½ Stocek,J (2557)-Stohl,I (2518) CZE-chT 1213 2012 (5.2)}) 12. O-O O-O 13. Bf4 Re8 14. Ng3 Ne5 15. Bxe5 (15. e4 {is more complex.} Nd3 16. Bxd6 Nxf2 17. Rxf2 Qxd6 18. Qh5) 15... Rxe5 16. e4 Bd7 17. f4 Re7 18. Qf3 f6 19. Rae1 Rae8 20. Nh5 Bb5 ({Resist} 20... Qxa2 21. e5 Bb5 22. Qg3 fxe5 23. Nf6+ Kh8 24. Nxe8 Rxe8 25. Rf2 Qxd5 26. fxe5 $11) 21. Rf2 Bc4 (21... Bd3 $5 22. Qg3 Kh8 $11) 22. Qg3 Kh8 $1 23. Rd1 $2 {[%emt 0:00:29][%mdl 8192] [#]} (23. Rd2 $11 {and White has nothing to worry.}) 23... Be2 {[%emt 0:01:41] Weighted Error Value: White=0.45/Black=0.08 (flawless)} (23... Rxe4 $2 24. Qxg7#) 0-1

[Event "4NCL 2022-2023"]
[Site "Daventry"]
[Date "2023.01.15"]
[Round "4.12"]
[White "Turner, Matthew J"]
[Black "Redmond, John P."]
[Result "1-0"]
[ECO "A46"]
[WhiteElo "2451"]
[BlackElo "2194"]
[Annotator "TA"]
[PlyCount "84"]
[EventDate "2022.10.20"]
[EventType "team-tourn"]
[EventCountry "ENG"]
[SourceTitle "playchess.com"]
[Source "ChessBase"]
[SourceQuality "1"]
[TimeControl "40/6000+30:2400+30"]

1. d4 e6 2. Nf3 d5 3. g3 Nf6 4. Bg2 b5 5. Bg5 Be7 6. O-O {[%emt 0:03:23] A46: 1 d4 Nf6 2 Nf3 e6: Torre, London and Colle Systems.} O-O 7. Nbd2 Nbd7 8. Re1 {[%emt 0:04:49] The position is equal.} Bb7 9. a4 b4 {[%emt 0:06:47] [#]} 10. c4 $146 ({Predecessor:} 10. Nb3 c5 11. a5 a6 12. c3 bxc3 13. bxc3 Ne4 14. Bxe7 Qxe7 15. Rc1 Rac8 16. Nfd2 cxd4 17. Nxe4 dxe4 18. Qxd4 {0-1 Vogel,J (2202)-Meszaros,G (2255) Purley Big Slick IM 3rd 2013 (9)}) 10... bxc3 11. bxc3 Rc8 12. c4 c5 13. Rc1 (13. cxd5 $11 Nxd5 14. Bxe7 Qxe7 15. Qb3) 13... h6 $15 14. Bxf6 Bxf6 15. cxd5 Bxd5 ({But not} 15... cxd4 16. dxe6 fxe6 17. Rxc8 Qxc8 18. Qb1 $11) 16. e4 Ba8 17. e5 Be7 18. Ne4 cxd4 19. Qxd4 {[%emt 0:01:28] [#]} Nc5 20. Nd6 $11 Bxd6 21. exd6 Nb3 22. Rxc8 (22. Qxa7 $2 {loses.} Nxc1 23. Qe3 Na2 $19) 22... Nxd4 23. Rxd8 Nxf3+ 24. Bxf3 Rxd8 25. Bxa8 Rxa8 {[%emt 0:00:07][%mdl 4096] Endgame KR-KR} 26. Rc1 {[%emt 0:00:37] [#] Hoping for d7.} Rd8 {[%emt 0:02:27] Wards off d7} 27. Rc6 f5 28. f4 Kf7 29. Kf2 Kf6 ({Black should play} 29... Ke8 $1 $14) 30. Ke3 $18 e5 31. d7+ Ke7 32. fxe5 {[%emt 0:00:21] Threatens to win with e6.} Rxd7 33. Kf4 Rd4+ $2 (33... Rd2 $16) 34. Kxf5 Rxa4 35. Rc7+ Kf8 36. h4 {[%emt 0:01:28] Black must now prevent Ke6.} Ra6 37. e6 (37. h5 $18 {and the rest is easy.}) 37... Ra3 (37... Ra5+ $16 38. Kg6 Ra3) 38. g4 $2 ({White has to play} 38. Rf7+ $18 Kg8 39. Kf4) 38... Rf3+ $2 (38... Ra5+ $11 {and Black has nothing to worry.} 39. Kg6 Ra4) 39. Ke4 Ra3 $2 (39... Rf1 40. Rxa7 g5) 40. Rf7+ {[%emt 0:02:53] White is clearly winning.} Kg8 41. Rf1 {[%emt 0:40:37] Threatening mate with e7.} Ra2 42. Kd3 {[%emt 0:00:00] White threatens e7 and mate.} Ra3+ {[%emt 0:03:43] Weighted Error Value: White=0.36/Black=0.44} 1-0

[Event "4NCL 2022-2023"]
[Site "Daventry"]
[Date "2023.01.15"]
[Round "4.13"]
[White "Blackburn, Jonathan L B"]
[Black "Bobras, Piotr"]
[Result "0-1"]
[ECO "E71"]
[WhiteElo "2169"]
[BlackElo "2491"]
[Annotator "TA"]
[PlyCount "90"]
[EventDate "2022.10.20"]
[EventType "team-tourn"]
[EventCountry "ENG"]
[SourceTitle "playchess.com"]
[Source "ChessBase"]
[SourceQuality "1"]
[TimeControl "40/6000+30:2400+30"]

1. d4 Nf6 2. c4 g6 3. Nc3 Bg7 4. e4 d6 5. h3 e5 6. dxe5 {[%emt 0:07:31] E71: King's Indian: 4 e4 d6 5 h3.} dxe5 7. Qxd8+ Kxd8 8. Nf3 {[%emt 0:05:31] White is slightly better.} Nc6 {[%emt 0:10:56] now supersedes 8...Nbd7.} 9. Be3 {[%emt 0:03:55] Dodges Nd4} Be6 10. O-O-O+ Nd7 {[%emt 0:14:51] [#]} 11. Nd5 $146 (11. Ng5 $14) ({Predecessor:} 11. Ng5 Nd4 12. Nb5 c5 13. f4 exf4 14. Bxf4 Nxb5 15. Nxe6+ fxe6 16. cxb5 Bd4 17. Bd6 {½-½ Parligras,M (2560)-Bernadskiy,V (2570) Geoagiu Bai Hunedoara op 2022 (4)}) 11... a5 $11 12. g4 Kc8 13. Kb1 b6 14. Bd3 Kb7 15. Bc2 h6 16. Ba4 Rad8 17. Rd3 Bf8 18. Nf6 {[%emt 0:09:47] [#] aiming for Bxc6+.} Bd6 19. g5 ({White should try} 19. Bxc6+ $11 Kxc6 20. Nxd7 Rxd7 21. Rc3) 19... Nxf6 $15 (19... Bxc4 $2 20. Bxc6+ Kxc6 21. Rc1 $18) 20. gxf6 Nb4 (20... Bxc4 $2 21. Bxc6+ Kxc6 22. Rc1 $18) 21. Rc3 c5 22. a3 Nc6 23. Bxc6+ Kxc6 24. b3 {[%emt 0:00:48] [#]} (24. a4 $142) 24... Bc7 (24... a4 $142 $1 25. bxa4 Ra8) 25. Bc1 (25. h4 $142) 25... Bc8 26. Kc2 Rde8 27. Rd3 ({Better is} 27. Ne1) 27... Re6 $17 28. Bb2 Rhe8 29. Rd5 (29. Ne1 $17 {keeps fighting.}) 29... Rxf6 $19 30. Nxe5+ Bxe5 31. Bxe5 Rxf2+ 32. Kc1 Kb7 33. Rh2 Rxh2 34. Bxh2 Rxe4 35. Re5 Rxe5 36. Bxe5 {[%emt 0:00:03][%mdl 4096] Endgame KB-KB} a4 37. Kb2 axb3 38. Kxb3 $2 (38. h4) 38... Bxh3 {[%emt 0:00:10] Black is clearly winning.} 39. Bg7 h5 40. Bf6 Be6 41. a4 (41. Kc3 $142 Bh3 42. Bh4) 41... Bg4 42. Kc2 Be2 43. Kb3 Bd1+ 44. Ka3 Kc6 45. Bd8 f5 {[%emt 0:00:52] Weighted Error Value: White=0.46/Black=0.08 (flawless)} 0-1

[Event "4NCL 2022-2023"]
[Site "Daventry"]
[Date "2023.01.15"]
[Round "4.14"]
[White "Terbe, Julianna"]
[Black "Zeidler, Sven P."]
[Result "1-0"]
[ECO "B06"]
[WhiteElo "2269"]
[BlackElo "2138"]
[Annotator "TA"]
[PlyCount "79"]
[EventDate "2022.10.20"]
[EventType "team-tourn"]
[EventCountry "ENG"]
[SourceTitle "playchess.com"]
[Source "ChessBase"]
[SourceQuality "1"]
[TimeControl "40/6000+30:2400+30"]

1. e4 Nc6 2. Nf3 d6 3. d4 Nf6 4. Nc3 g6 5. Be3 Bg7 6. Qd2 {[%emt 0:00:09] B06: Modern Defence.} Bg4 7. d5 Nb8 8. Nd4 {[%emt 0:00:09] White is better.} c6 9. f3 {[%emt 0:00:14] [#]} Bd7 $146 ({Predecessor:} 9... Bc8 10. dxc6 bxc6 11. O-O-O Qa5 12. Nb3 Qc7 13. Bh6 Bxh6 14. Qxh6 Be6 15. h4 Bxb3 16. axb3 {0-1 Von Herman,U (2371)-Kauschmann,H (2140) Berlin op 03 2005 (5)}) 10. Be2 cxd5 11. exd5 Na6 12. O-O O-O 13. Kh1 Nc7 14. Bc4 a6 15. a4 e5 16. dxe6 fxe6 17. Bb3 {[%emt 0:04:53] White has more active pieces.} d5 18. Bf4 Nh5 19. Bg5 Bf6 20. Bh6 Bg7 21. Bxg7 Kxg7 22. Qe3 {[%emt 0:05:16] Prevents e5.} Qf6 23. Rae1 g5 24. Qe5 (24. Nde2 $16) 24... Qxe5 $11 25. Rxe5 h6 (25... Kf6 {looks sharper.} 26. Rfe1 Nf4 27. a5 Ng6) 26. g3 Rf6 (26... Nf6 $14) 27. Rfe1 Kg6 {[%emt 0:01:14] [#]} 28. Nd1 $1 Ng7 29. Nf2 (29. c3 $16) 29... Nf5 $14 30. Nxf5 Rxf5 31. Kg2 ({Better is} 31. R5e2 $16) 31... Raf8 (31... Rxe5 $11 {remains equal.} 32. Rxe5 Rb8) 32. Rxf5 ({White should try} 32. R5e3 $16) 32... Kxf5 33. c3 {[%emt 0:03:27] Hoping for Ng4.} h5 {[%emt 0:00:59] [#] Prevents Ng4.} (33... Bc6 $11 {keeps the balance.}) 34. g4+ $1 $16 hxg4 $2 {[%emt 0:01:11] A mistake that costs the game.} (34... Kg6 $16) 35. Nxg4 $18 Kf4 36. Bc2 (36. Ne5 $142 Be8 37. Bc2) 36... Bc6 $2 (36... e5 {might work better.}) 37. Ne5 Rf6 (37... Be8 $18 38. Bh7 g4) 38. Nd3+ {[%emt 0:01:02] White mates.} Kf5 39. Nf2+ Kf4 40. Nh3# {[%emt 0:00:03] Weighted Error Value: White=0.21 (precise) /Black=0.47} 1-0

[Event "4NCL 2022-2023"]
[Site "Daventry"]
[Date "2023.01.15"]
[Round "4.15"]
[White "Khoury, Theo"]
[Black "Kolbus, Dietmar"]
[Result "1/2-1/2"]
[ECO "B22"]
[WhiteElo "1917"]
[BlackElo "2292"]
[Annotator "TA"]
[PlyCount "136"]
[EventDate "2022.10.20"]
[EventType "team-tourn"]
[EventCountry "ENG"]
[SourceTitle "playchess.com"]
[Source "ChessBase"]
[SourceQuality "1"]
[TimeControl "40/6000+30:2400+30"]

1. e4 c5 2. c3 e5 3. Nf3 Nc6 4. Bc4 Bd6 5. d4 cxd4 6. cxd4 {[%emt 0:00:08] [#] B22: Sicilian: 2 c3.} Nxd4 $146 ({Predecessor:} 6... Nf6 7. dxe5 Nxe5 8. Qxd6 Nxc4 9. Qd4 d5 10. e5 Ne4 11. O-O O-O 12. Nc3 Nxc3 13. Qxc3 {0-1 Bakalarz,M (2263)-Golubka,P (2495) Ustron op-A 2020 (3)}) 7. Nxd4 exd4 8. Qxd4 {[%emt 0:00:42] White is better.} (8. Nc3 {is interesting.} dxc3 9. Qxd6 Qf6 10. Qa3) 8... Qf6 9. Qxf6 Nxf6 10. Nc3 a6 11. Bg5 Be5 12. O-O-O b5 13. Bb3 {[%emt 0:01:38][%cal Bc4b3,Bb3f7,Bf7d5][%mdl 32] White is more active.} Bb7 14. Bxf6 Bxf6 {[%emt 0:00:23] [#]} 15. Bxf7+ $1 {[%emt 0:00:11][%mdl 576] Decoy} Ke7 {[%emt 0:01:19] ...b4 is the strong threat. Black is weak on the light squares} 16. Bd5 Bc6 17. f4 Bxc3 18. bxc3 Rac8 19. Kb2 Rc7 20. Bxc6 Rxc6 $16 {[%emt 0:00:14][%mdl 4096] Endgame KRR-KRR} 21. Rd5 d6 22. Rhd1 Rhc8 23. R1d3 R8c7 24. a3 Rc4 25. R5d4 R4c6 (25... d5 $142) 26. g4 h6 27. h4 Rb6 28. g5 hxg5 29. hxg5 Rc5 30. Rd5 {[%emt 0:03:52] Hoping for Rxc5.} Rbc6 (30... Rc8 {was necessary.} 31. f5 Rc7) 31. Rxc5 Rxc5 $18 {[%emt 0:00:08] KR-KR} 32. Kb3 Rc8 (32... g6 {keeps fighting.} 33. Rd5 Rc4) 33. f5 Rc4 {[%emt 0:03:52] [#]} 34. f6+ $1 gxf6 35. gxf6+ Ke6 {[%emt 0:00:17] [#]} 36. f7 $1 {[%emt 0:00:54][%mdl 576] Deflection} Kxf7 37. Rxd6 Rxe4 38. Rxa6 Ke7 39. Rb6 Kd7 40. Rxb5 Kc6 41. Rb4 Re5 42. a4 Rh5 43. Rb8 Rh1 {[%emt 0:01:29] ( -> ...Rb1+)} 44. Rb5 Rb1+ 45. Kc4 Ra1 46. Rb4 Ra3 47. Kd3 Ra2 {[%emt 0:01:25] [#]} 48. Kd4 (48. c4 $1 $16) 48... Ra1 $14 49. c4 (49. Ke4 $16) 49... Ra3 $11 {[%emt 0:03:31] The position is equal.} 50. c5 Ra1 51. Rb6+ Kc7 52. Ra6 Rd1+ 53. Kc4 Rc1+ 54. Kb5 {[%emt 0:02:29] aiming for Ra7+.} Rb1+ 55. Ka5 Rc1 56. Kb4 Rb1+ 57. Ka3 Rc1 58. Ra5 Kc6 59. Kb4 Rb1+ 60. Kc4 Rc1+ 61. Kd4 Rd1+ 62. Ke3 Rd5 63. Ra6+ Kxc5 64. Ra5+ Kc6 65. Rxd5 Kxd5 66. a5 Kc5 67. a6 {[%emt 0:00:02] White wants to mate with a7.} Kb6 68. a7 Kxa7 {[%emt 0:00:07] Black defended with fortune.   Weighted Error Value: White=0.13 (very precise) /Black=0.09 (flawless)} 1/2-1/2

[Event "4NCL 2022-2023"]
[Site "Daventry"]
[Date "2023.01.15"]
[Round "4.16"]
[White "Akeya-Price, Robert"]
[Black "O'Gorman, Alice"]
[Result "0-1"]
[ECO "A06"]
[WhiteElo "1927"]
[BlackElo "2016"]
[Annotator "TA"]
[PlyCount "56"]
[EventDate "2022.10.20"]
[EventType "team-tourn"]
[EventCountry "ENG"]
[SourceTitle "playchess.com"]
[Source "ChessBase"]
[SourceQuality "1"]
[TimeControl "40/6000+30:2400+30"]

1. Nf3 d5 2. e3 Nf6 3. b3 c5 4. Bb2 Nc6 5. Be2 e6 6. O-O {[%emt 0:01:39] A06: Réti Opening: 1 Nf3 d5.} Be7 7. d4 O-O 8. dxc5 {[%emt 0:01:01] The position is equal.} Bxc5 9. c4 dxc4 10. Qc2 Qe7 11. Qxc4 e5 12. Rc1 {[%emt 0:02:08] [#]} Bd6 $146 ({Predecessor:} 12... Bb6 13. Ba3 Qe8 14. Bxf8 Qxf8 15. Nc3 Bf5 16. Bd3 Bxd3 17. Qxd3 Rd8 18. Qf5 Qe7 {1-0 Haydon,D (2262)-O'Gorman,A (2001) BCF-chT 2223 (4NCL) 2022 (2.6)}) 13. Nbd2 Bf5 14. Qh4 Rfd8 15. Nc4 (15. Bb5 $14) 15... Bc7 $11 16. Ba3 (16. Ncd2 $11) 16... Qe8 (16... Qe6 $5) 17. Rd1 Rxd1+ 18. Rxd1 Rd8 19. Bd6 $2 {[%emt 0:03:52] [#] Loses the game.} ({Better is} 19. Nd6 $15 Qe7 20. Nb5 Rxd1+ 21. Bxd1) 19... b5 $1 $19 20. Bxc7 Rxd1+ 21. Bxd1 bxc4 22. Be2 Qe7 {[%emt 0:08:48] ...cxb3 is the strong threat.} 23. Qg5 Bd3 (23... Bg4 $2 24. Bxe5 Nxe5 25. Qxe5 Qxe5 26. Nxe5 cxb3 27. axb3 Bxe2 28. Nc6 $19) 24. Bxd3 $2 ({Don't play} 24. Bxe5 Bxe2 25. Bxf6 Qxf6 $19) (24. Nxe5 Bxe2 25. Nxc6) 24... cxd3 {[%emt 0:00:04] Black is clearly winning.} 25. Bxe5 (25. Ba5 $142 Nxa5 26. e4) 25... Nxe5 ({Don't go for} 25... d2 $2 26. Nxd2 Nxe5 27. Ne4 $19) 26. Nd2 Qc7 {[%emt 0:01:53] ( -> ...Qc1+)} 27. Nf1 {[%emt 0:01:06] [#]} d2 $1 28. Nxd2 {[%emt 0:00:34] [#]} Ne4 $1 {[%emt 0:00:32][%mdl 576] Back Rank.   Weighted Error Value: White=0.81/Black=0.43} 0-1